 Dungeon Sprint DCSS version 0.30.1-11-g7821555f0a (webtiles) character file.

Game seed: 1414122253024018001

13109 Groucho the Earth Mage (level 11, -20/81 HPs)
             Began as a Deep Elf Earth Elementalist on Dec 31, 2023.
             Was the Champion of Sif Muna.
             Demolished by an Ice Fiend (27 damage)
             ... summoned by a deep elf demonologist
             ... in the Dungeon (Sprint VII: "The Pits").
             The game lasted 00:21:51 (7632 turns).

Groucho the Earth Mage (DEEE)                       Turns: 7632, Time: 00:21:52

Health: -20/81     AC: 29    Str:  5    XL:     11   Next: 71%
Magic:  10/26      EV: 19    Int: 28    God:    Sif Muna [******]
Gold:   25         SH:  0    Dex: 15    Spells: 7/29 levels left

rFire   . . .        m - +3 dagger (venom)
rCold   . . .        (no shield)
rNeg    + . .        r - melded +2 robe {Will+}
rPois   ∞            (no helmet)
rElec   +            p - +0 cloak
rCorr   .            (gloves currently unavailable)
SInv    .            o - melded +0 pair of boots
Will    +....        (no amulet)
Stlth   ++++         h - +3 ring of evasion
HPRegen 0.33/turn    i - +3 ring of intelligence
MPRegen 0.20/turn

%: no teleportation
@: statue-form, slowed, very slow
A: slow and powerful, torment resistance 1, boosted hp
a: End Transformation, Renounce Religion, Channel Magic, Forget Spell, Divine
Exegesis


You were in the Dungeon.
You worshipped Sif Muna.
Sif Muna was exalted by your worship.
You were a living statue of rough stone.
You visited 1 branch You collected 25 gold pieces.

Inventory:

Hand Weapons
 m - a +3 dagger of venom (weapon)
Armour
 o - a +0 pair of boots (melded)
 p - a +0 cloak (worn)
 q - a +5 ring mail
 r - a +2 robe of willpower (melded)
Jewellery
 h - a +3 ring of evasion (left fist)
 i - a +3 ring of intelligence (right fist)
 v - a ring of willpower
 x - a ring of see invisible
Wands
 y - a wand of charming (5)
Scrolls
 a - a scroll of identify
 g - 2 scrolls of blinking
 k - 5 scrolls of amnesia
 l - a scroll of butterflies
 s - 3 scrolls of fog
 u - 6 scrolls of enchant armour
 w - a scroll of brand weapon
Potions
 c - 8 potions of curing
 d - 20 potions of heal wounds
 e - a potion of haste
 f - 5 potions of berserk rage
 j - a potion of invisibility
 n - 4 potions of brilliance
 t - a potion of mutation


   Skills:
 - Level 5.0 Fighting
 - Level 10.0 Short Blades
 + Level 9.8 Armour
 + Level 7.7 Dodging
 - Level 10.0 Stealth
 + Level 9.5 Spellcasting
 + Level 13.4 Conjurations
 - Level 10.0 Summonings
 - Level 10.0 Transmutations
 + Level 15.6 Earth Magic


You had 7 spell levels left.
You knew the following spells:

 Your Spells              Type           Power      Damage    Failure   Level
a - Sandblast             Erth           100%       2d20      0%          1
b - Stone Arrow           Conj/Erth      100%       3d13      1%          3
c - Petrify               Tmut/Erth      71%        N/A       1%          4
d - Lee's Rapid Deconstr  Erth           39%        3d19*     1%          5
e - Call Canine Familiar  Summ           62%        N/A       1%          3
f - Statue Form           Tmut/Erth      47%        N/A       3%          6

Your spell library contained the following spells:

 Spells                   Type           Power      Damage    Failure   Level
 Kiss of Death            Conj/Necr      100%       2d13      1%          1
 Shock                    Conj/Air       100%       1d9       1%          1
 Sting                    Tmut/Pois      100%       1d8       1%          1
 Summon Small Mammal      Summ           100%       N/A       1%          1
 Call Imp                 Summ           100%       N/A       1%          2
 Passwall                 Tmut/Erth      59%        N/A       1%          2
 Dazzling Flash           Conj/Hex       100%       N/A       1%          3
 Hailstorm                Conj/Ice       50%        3d11      1%          3
 Summon Guardian Golem    Hex/Summ       41%        N/A       1%          3
 Animate Armour           Summ/Erth      100%       N/A       1%          4
 Leda's Liquefaction      Hex/Erth       27%        N/A       1%          4
 Flame Wave               Conj/Fire      50%        2d12      2%          4
 Ignite Poison            Fire/Tmut/Pois 31%        N/A       3%          3
 Necrotise                Necr           52%        1d6       4%          1
 Summon Lightning Spire   Summ/Air       41%        N/A       5%          4
 Ensorcelled Hibernation  Hex/Ice        26%        N/A       6%          2
 Poisonous Vapours        Pois/Air       26%        N/A       6%          2
 Arcjolt                  Conj/Air       25%        1d35      8%          5
 Fireball                 Conj/Fire      25%        3d11      8%          5
 Confusing Touch          Hex            13%        N/A       13%         3
 Gell's Gravitas          Tloc           13%        N/A       13%         3
 Inner Flame              Hex/Fire       13%        N/A       13%         3
 Ozocubu's Armour         Ice            13%        N/A       13%         3
 Portal Projectile        Hex/Tloc       26%        N/A       13%         3
 Vampiric Draining        Necr           13%        2d6       13%         3
 Vhi's Electric Charge    Tloc/Air       26%        N/A       13%         3
 Yara's Violent Unravell  Hex/Tmut       20%        3d9       16%         5
 Spellforged Servitor     Conj/Summ      34%        N/A       28%         7
 Anguish                  Hex/Necr       6%         N/A       38%         4
 Cause Fear               Hex            6%         N/A       38%         4
 Manifold Assault         Tloc           13%        N/A       38%         4
 Olgreb's Toxic Radiance  Pois           13%        N/A       38%         4
 Passage of Golubria      Tloc           13%        N/A       38%         4
 Eringya's Noxious Bog    Tmut/Pois      20%        N/A       63%         6
 Silence                  Hex/Air        6%         N/A       75%         5
 Haunt                    Necr/Summ      20%        N/A       99%         7
 Malign Gateway           Summ/Tloc      20%        N/A       99%         7
 Dispersal                Tloc           6%         N/A       100%        6


Dungeon Overview and Level Annotations

Branches:
Dungeon (1/1)

Altars:
Ashenzari
Cheibriados
Dithmenos
Elyvilon
Fedhas
Gozag
Hepliaklqana
Kikubaaqudgha
Makhleb
Nemelex Xobeh
Okawaru
Qazlal
Ru
Sif Muna
Trog
Uskayaw
Vehumet
Wu Jian
Xom
Yredelemnul
Zin
The Shining One
Jiyva
Lugonu


Message History

Aim: a deep elf demonologist, wielding a +0 rapier and wearing a +0 leather armour (69% to hit)
The stone arrow hits the wraith!!
You destroy the wraith!
Sif Muna accepts your kill.
The deep elf demonologist gestures wildly while chanting.
Unknown command.
Casting: Stone Arrow (safe; 1% risk of failure)
Confirm with . or Enter, or press ? or * to list all spells.
Aiming: Stone Arrow (safe; 1% risk of failure)
Press: ? - help, Shift-Dir - straight line, f/p - deep elf demonologist
Aim: a deep elf demonologist, wielding a +0 rapier and wearing a +0 leather armour (69% to hit)
The stone arrow hits the deep elf demonologist!!
The deep elf demonologist is heavily wounded.
The deep elf demonologist barely misses you.
The wraith hits you but does no damage.
The shadow demon gestures.
You see a puff of smoke.
The Ice Fiend claws you but does no damage. x2
Your magical contamination has completely faded away.
Unknown command.
Casting: Stone Arrow (safe; 1% risk of failure)
Confirm with . or Enter, or press ? or * to list all spells.
Aiming: Stone Arrow (safe; 1% risk of failure)
Press: ? - help, Shift-Dir - straight line, f/p - deep elf demonologist
Aim: a deep elf demonologist, wielding a +0 rapier and wearing a +0 leather armour (heavily wounded, 69% to hit)
The stone arrow hits the deep elf demonologist!
The deep elf demonologist is severely wounded.
The deep elf demonologist hits you but does no damage.
The wraith hits you. The wraith drains your vigour!
You feel yourself slow down.
The small abomination barely misses you.
The Ice Fiend claws you. The Ice Fiend freezes you!!
* * * LOW HITPOINT WARNING * * *
The Ice Fiend completely misses you. The wraith barely misses you.
The deep elf demonologist points at you and mumbles some strange words.
You resist with significant effort. The small abomination misses you.
The Ice Fiend claws you!
* * * LOW HITPOINT WARNING * * *
The Ice Fiend freezes you!!
You die...

#.....@.WeW #..######## #..#
#).# ####### #..# ..##..# #..#
..##..# #2W# ..''..# #eW#
..''..##########8x#
..##............1.#
..##..............#
################### #########
########## ######
.'..'...###........###....####
.[..'.....##......##....###..#
##..##.....##....##..#.##....#
#....###....#....#.....#.....#


You could see an Ice Fiend (summoned), a shadow demon (summoned), a deep elf
demonologist, 2 wraiths and a small abomination (summoned).

Vanquished Creatures
  A storm dragon (D)
  A great orb of eyes (D)
  Josephine (D)
  2 boulder beetles (D)
  A lindwurm (D)
  A phantasmal warrior (D)
  A cyclops (D)
  An elephant (D)
  A rust devil (D)
  A demonic crawler (D)
  2 rime drakes (D)
  2 unseen horrors (D)
  Psyche (D)
  2 kobold demonologists (D)
  An efreet (D)
  A guardian mummy (D)
  An ice devil (D)
  A merfolk (D)
  A red devil (D)
  5 dream sheep (D)
  A ynoxinul (D)
  A spriggan (D)
  A shadow (D)
  A wraith (D)
  A basilisk (D)
  3 wargs (D)
  A water moccasin (D)
  2 swamp drakes (D)
  2 floating eyes (D)
  2 black bears (D)
  2 centaurs (D)
  13 wolves (D)
  A gnoll sergeant (D)
  A scorpion (D)
  10 wights (D)
  A hound (D)
  A jelly (D)
  A hell rat (D)
  6 gnolls (D)
  2 ufetubi (D)
  An orc (D)
  A bat skeleton (D)
  A bat zombie (D)
  An endoplasm (D)
  A giant cockroach (D)
  2 hobgoblins (D)
  A kobold (D)
  A quokka (D)
  A ball python zombie (D)
  A bat (D)
92 creatures vanquished.

Vanquished Creatures (others)
  A dream sheep (D)
1 creature vanquished.

Grand Total: 93 creatures vanquished

Notes
Turn   | Place    | Note
-------+----------+-------------------------------------------
     0 | D        | Groucho the Deep Elf Earth Elementalist began the quest for
                  | the Orb.
     0 | D        | Reached XP level 1. HP: 10/10 MP: 6/6
   216 | D        | Found a bloodstained altar of Trog.
   216 | D        | Found a shimmering blue altar of Sif Muna.
   216 | D        | Found a viscous altar of Jiyva.
   216 | D        | Found a hazy altar of Hepliaklqana.
   216 | D        | Found an opulent altar of Gozag.
   217 | D        | Found a glowing golden altar of the Shining One.
   217 | D        | Found a glowing silver altar of Zin.
   217 | D        | Found a basalt altar of Yredelemnul.
   217 | D        | Found a shimmering altar of Xom.
   217 | D        | Found an ornate altar of the Wu Jian Council.
   217 | D        | Found a sacrificial altar of Ru.
   217 | D        | Found a stormy altar of Qazlal.
   217 | D        | Found an iron altar of Okawaru.
   217 | D        | Found a sparkling altar of Nemelex Xobeh.
   217 | D        | Found a burning altar of Makhleb.
   217 | D        | Found a blossoming altar of Fedhas.
   217 | D        | Found a white marble altar of Elyvilon.
   217 | D        | Found a shadowy altar of Dithmenos.
   217 | D        | Found a snail-covered altar of Cheibriados.
   218 | D        | Found a radiant altar of Vehumet.
   218 | D        | Found a corrupted altar of Lugonu.
   219 | D        | Found an ancient bone altar of Kikubaaqudgha.
   219 | D        | Found a hide-covered altar of Uskayaw.
   219 | D        | Found a broken altar of Ashenzari.
   220 | D        | Became a worshipper of Sif Muna the Loreminder
   340 | D        | Reached skill level 4 in Earth Magic
   452 | D        | Reached * piety under Sif Muna
   455 | D        | Reached skill level 5 in Spellcasting
   455 | D        | Reached skill level 5 in Earth Magic
   455 | D        | Reached XP level 2. HP: 13/15 MP: 3/10
   574 | D        | Reached ** piety under Sif Muna
   632 | D        | Noticed a centaur
   633 | D        | Noticed a gnoll sergeant
   649 | D        | Reached XP level 3. HP: 19/19 MP: 10/13
   651 | D        | Reached skill level 6 in Earth Magic
   709 | D        | Killed a centaur
   709 | D        | Reached *** piety under Sif Muna
   710 | D        | Reached skill level 9 in Earth Magic
   710 | D        | Reached XP level 4. HP: 15/24 MP: 11/15
   842 | D        | Noticed a floating eye
   845 | D        | Killed a floating eye
   846 | D        | Reached skill level 10 in Earth Magic
   846 | D        | Reached XP level 5. HP: 28/28 MP: 14/16
   851 | D        | Learned a level 3 spell: Stone Arrow
   856 | D        | Learned a level 4 spell: Petrify
   884 | D        | Reached **** piety under Sif Muna
   885 | D        | Reached skill level 1 in Short Blades
   888 | D        | Reached skill level 1 in Fighting
   888 | D        | Reached XP level 6. HP: 32/34 MP: 15/18
  1037 | D        | Noticed a spriggan
  1039 | D        | Killed a spriggan
  1040 | D        | Reached skill level 5 in Stealth
  1041 | D        | Noticed a floating eye
  1043 | D        | Reached ***** piety under Sif Muna
  1043 | D        | Received a gift from Sif Muna
  1044 | D        | Reached skill level 5 in Dodging
  1044 | D        | Reached XP level 7. HP: 41/41 MP: 19/19
  1050 | D        | Reached skill level 5 in Transmutations
  1228 | D        | Got Sif Muna's Grimoire of Quantum Leap {god gift}
  1231 | D        | Noticed a boulder beetle
  1430 | D        | Noticed a phantasmal warrior
  1436 | D        | Killed a phantasmal warrior
  1437 | D        | Reached skill level 5 in Short Blades
  1437 | D        | Reached XP level 8. HP: 33/48 MP: 6/20
  1441 | D        | Killed a boulder beetle
  1442 | D        | Reached skill level 5 in Fighting
  1442 | D        | Reached skill level 10 in Conjurations
  1761 | D        | Reached skill level 10 in Stealth
  1774 | D        | Received a gift from Sif Muna
  1775 | D        | Reached skill level 1 in Armour
  2137 | D        | Learned a level 5 spell: Lee's Rapid Deconstruction
  2416 | D        | Noticed a kobold demonologist
  2420 | D        | Reached XP level 9. HP: 54/54 MP: 11/21
  2421 | D        | Noticed a red devil
  2422 | D        | Killed a kobold demonologist
  2424 | D        | Received a gift from Sif Muna
  2431 | D        | Reached skill level 11 in Earth Magic
  2674 | D        | Got Sif Muna's Willworking, Part Three {god gift}
  2682 | D        | Learned a level 3 spell: Call Canine Familiar
  2685 | D        | Noticed Psyche
  2685 | D        | Noticed a boulder beetle
  2723 | D        | Killed a boulder beetle
  2724 | D        | Reached skill level 10 in Transmutations
  2724 | D        | Killed Psyche
  2725 | D        | Reached skill level 5 in Armour
  3022 | D        | Noticed a guardian mummy
  3033 | D        | Killed a guardian mummy
  3034 | D        | Noticed a cyclops
  3037 | D        | Reached skill level 12 in Earth Magic
  3037 | D        | Reached XP level 10. HP: 59/59 MP: 15/22
  3045 | D        | Killed a cyclops
  3046 | D        | Reached skill level 10 in Short Blades
  3046 | D        | Reached skill level 5 in Summonings
  3212 | D        | Noticed an elephant
  3213 | D        | Received a gift from Sif Muna
  3222 | D        | Killed an elephant
  3225 | D        | Got Sif Muna's Papyrus of the Ditch-Digger {god gift}
  3593 | D        | Noticed a lindwurm
  3594 | D        | Killed a lindwurm
  3594 | D        | Reached ****** piety under Sif Muna
  3595 | D        | Reached skill level 13 in Earth Magic
  3597 | D        | Received a gift from Sif Muna
  3599 | D        | Got Sif Muna's Spellbook of the Vile Voyage {god gift}
  3724 | D        | Learned a level 6 spell: Statue Form
  3918 | D        | Noticed a great orb of eyes
  3918 | D        | Noticed a rust devil
  3928 | D        | Noticed a rust devil
  3943 | D        | Killed a rust devil
  4270 | D        | Killed a great orb of eyes
  4271 | D        | Reached skill level 14 in Earth Magic
  4332 | D        | Reached XP level 11. HP: 63/63 MP: 2/23
  4882 | D        | Noticed a storm dragon
  4905 | D        | Received a gift from Sif Muna
  5214 | D        | Killed a storm dragon
  5227 | D        | Got Sif Muna's Vellum of Mortification and Spellbinding
                  | {god gift}
  5266 | D        | Received a gift from Sif Muna
  5267 | D        | Reached skill level 10 in Summonings
  6073 | D        | Received a gift from Sif Muna
  6074 | D        | Reached skill level 15 in Earth Magic
  6074 | D        | Got Sif Muna's Tome of the Modern Leylines {god gift}
  6865 | D        | Received a gift from Sif Muna
  6874 | D        | Got Pach's Meditations on Disgusting Rallying {god gift}
  7613 | D        | Noticed Josephine
  7614 | D        | Noticed a deep elf demonologist
  7624 | D        | Killed Josephine
  7629 | D        | Noticed a shadow demon
  7631 | D        | Noticed an Ice Fiend
  7632 | D        | Demolished by an Ice Fiend

Illustrated notes

Levels and vault maps discovered:
D:        pitsprint [storerooms_1, entrance_room_1, metal_vault_4, armoury_1,
          mini_pit_1, grid_room_1, main_hall_1, silver_pit, the_coven_1,
          the_vestibule_1, steel_vault_3, golden_pit, hallway_of_sentries,
          crystal_vault_1, iron_vault_1, final_vault]

Skill      XL: |  1  2  3  4  5  6  7  8  9 10 11 |
---------------+----------------------------------+-----
Spellcasting   | 5 6 7 9 |  9.5
Earth Magic    | 5 9 10 12 14 15 | 15.6
Conjurations   | 6 7 8 9 10 11 13 | 13.4
Short Blades   | 1 3 5 7 9 10 | 10.0
Dodging        | 3 5 7 |  7.7
Stealth        | 3 5 7 10 | 10.0
Fighting       | 1 3 4 5 |  5.0
Transmutations | 2 4 6 8 10 | 10.0
Armour         | 2 5 8 9 |  9.8
Summonings     | 4 9 10 | 10.0

Action                     |  1- 3 |  4- 6 |  7- 9 | 10-12 || total
---------------------------+-------+-------+-------+-------++-------
  Melee: Dagger            |     3 |     4 |    26 |    22 ||    55
         Punch             |       |       |     1 |       ||     1
   Cast: Sandblast         |    18 |     6 |     3 |     9 ||    36
         Stone Arrow       |       |     1 |    23 |    74 ||    98
         Petrify           |       |       |    12 |    16 ||    28
         Lee's Rapid Decon |       |       |       |    12 ||    12
         Call Canine Famil |       |       |       |     1 ||     1
         Statue Form       |       |       |       |     2 ||     2
    Use: Potion            |     2 |       |     2 |     6 ||    10
   Stab: Sleeping          |       |     3 |     2 |       ||     5
         Petrified         |       |       |     9 |     9 ||    18
         Invisible         |       |       |       |     4 ||     4
         Petrifying        |       |       |       |     1 ||     1
 Armour: Robe              |     5 |       |     4 |    19 ||    28
         Skin              |       |       |       |     5 ||     5
  Dodge: Dodged            |    16 |     2 |    51 |    55 ||   124
